 Dungeon Crawl Stone Soup version 0.26-a0-652-gafc20e3620 (webtiles) character file.

Game seed: 18327275527134045077

341 marklar909 the Sneak (level 6, -2/35 HPs)
             Began as a Kobold Enchanter on Oct 3, 2020.
             Killed from afar by an orc wizard (3 damage)
             ... with a puff of flame
             ... on level 5 of the Dungeon.
             The game lasted 00:11:47 (4913 turns).

marklar909 the Sneak (Kobold Enchanter)             Turns: 4913, Time: 00:11:49

Health: -2/35      AC:  5    Str:  6    XL:     6   Next: 87%
Magic:  1/10       EV: 16    Int: 17    God:
Gold:   201        SH:  0    Dex: 16    Spells: 4/10 levels left

rFire    . . .     SeeInvis .   p - +1 short sword (curse)
rCold    . . .     Faith    .   (shield restricted)
rNeg     . . .     Spirit   .   b - +0 robe
rPois    .         Reflect  .   (no helmet)
rElec    .         Harm     .   (no cloak)
rCorr    .         Rampage  .   (no gloves)
MR       .....                  q - +2 pair of boots
Stlth    ++++......             (no amulet)
HPRegen  0.11/turn              (no ring)
MPRegen  0.12/turn              (no ring)

@: very slightly contaminated
A: small, nightstalker 3
a: no special abilities


You were on level 5 of the Dungeon.
You visited 2 branches of the dungeon, and saw 6 of its levels.

You collected 201 gold pieces.

Inventory:

Hand Weapons
 p - a cursed +1 short sword (weapon)
Armour
 b - a +0 robe (worn)
 q - a +2 pair of boots (worn)
Jewellery
 n - an uncursed ring of wizardry {unknown}
 o - an uncursed ring of flight {unknown}
Wands
 c - a wand of paralysis (4)
Scrolls
 d - 3 scrolls of blinking
 e - 2 scrolls of identify
 f - a scroll of amnesia
 g - 2 scrolls of teleportation
 h - a scroll of remove curse {unknown}
 l - a scroll of random uselessness {unknown}
 m - a scroll of enchant weapon
Potions
 i - a potion of mutation {unknown}
 j - a potion of magic {unknown}
 k - 4 potions of resistance


   Skills:
 * Level 1.9 Fighting
 + Level 2.7 Short Blades
 * Level 3.6 Dodging
 + Level 6.4 Stealth
 + Level 2.8 Spellcasting
 * Level 3.9 Hexes
 * Level 2.1 Ice Magic


You had 4 spell levels left.
You knew the following spells:

 Your Spells              Type           Power        Failure   Level
a - Corona                Hex            ###....      3%          1
b - Ensorcelled Hibernat  Hex/Ice        ##....       8%          2
c - Confusing Touch       Hex            ###.....     11%         3

Your spell library contained the following spells:

 Spells                   Type           Power        Failure   Level
 Tukima's Dance           Hex            ###.....     11%         3
 Dazzling Flash           Conj/Hex       #.....       24%         3


Dungeon Overview and Level Annotations

Branches:
Dungeon (5/15)             Temple (1/1) D:4

Altars:
Cheibriados
Fedhas
Gozag
Kikubaaqudgha
Makhleb
Nemelex Xobeh
Okawaru
Qazlal
Ru
Trog
Uskayaw
Vehumet
Wu Jian
Xom
Yredelemnul
Zin
The Shining One

Shops:
D:4 :


Innate Abilities, Weirdness & Mutations

You are small and have problems with some larger weapons.
You are completely attuned to the shadows.


Message History

Press: ? - help, Shift-Dir - straight line, f/p - orc priest
Aim: an orc priest, wielding a +0 dagger (chance to defeat MR: 43%)
You miscast Ensorcelled Hibernation.
Nothing appears to happen.
The orc priest completely misses you.
An orc comes into view. It is wielding a +0 dagger.
Unknown command.
Unknown command.
You hit the orc priest.
The orc priest is moderately wounded.
The orc priest barely misses you.
The orc priest calls down the wrath of Beogh upon you.
Beogh smites you!
* * * LOW HITPOINT WARNING * * *
You hit the orc priest.
The orc priest is moderately wounded.
The orc priest misses you.
An orc comes into view. It is wielding a +0 dagger.
The orc wizard points at you and mumbles some strange words.
The puff of flame hits you.
You die...

.. .. #.## ##.##..#
#.....#.## .........###
...$_..o(..## .....
....$...##.o# #.#.#
........###o# #.#.# #....
........###@####.#.#####....
.......o.oo........>.......#
.......ooo....##.#.#####...#
o.o.....###.#....#.## #.....
#.#.......###....#
.......>..##..####
..#.....#####.##
####..#####.# #..........#


You could see 3 orc priests, 2 orc wizards and 3 orcs.

Vanquished Creatures
  Sigmund (D:4)
  A hound (D:4)
  6 adders
  2 oozes
  3 worms (D:3)
  A dart slug (D:1)
  4 orcs
  5 bats
  2 giant cockroaches (D:3)
  12 goblins
  9 hobgoblins
  8 jackals (D:4)
  2 quokkas (D:4)
  A ball python (D:3)
  9 frilled lizards
  5 kobolds
  2 rats
73 creatures vanquished.

Notes
Turn   | Place    | Note
-------+----------+-------------------------------------------
     0 | D:1      | marklar909 the Kobold Enchanter began the quest for the
                  | Orb.
     0 | D:1      | Reached XP level 1. HP: 10/10 MP: 3/3
   394 | D:1      | Reached XP level 2. HP: 15/15 MP: 5/5
   663 | D:1      | Found a sparkling altar of Nemelex Xobeh.
   846 | D:1      | Learned a level 2 spell: Ensorcelled Hibernation
   977 | D:2      | Found a shimmering altar of Xom.
   994 | D:2      | Reached XP level 3. HP: 19/19 MP: 3/6
  1026 | D:2      | Found a bloodstained altar of Trog.
  1493 | D:2      | Reached skill level 5 in Stealth
  1493 | D:2      | Reached XP level 4. HP: 17/24 MP: 0/7
  1996 | D:3      | Learned a level 3 spell: Confusing Touch
  2005 | D:3      | Reached skill level 1 in Ice Magic
  2011 | D:3      | Found a blossoming altar of Fedhas.
  2967 | D:3      | Reached XP level 5. HP: 28/28 MP: 8/8
  2972 | D:3      | Found a radiant altar of Vehumet.
  3300 | D:4      | Found a hide-covered altar of Uskayaw.
  3336 | D:4      | Reached skill level 1 in Fighting
  3386 | D:4      | Noticed Sigmund
  3396 | D:4      | Killed Sigmund
  3396 | D:4      | Reached skill level 6 in Stealth
  3396 | D:4      | Reached XP level 6. HP: 35/35 MP: 3/10
  3883 | D:4      | Found a staircase to the Ecumenical Temple.
  3890 | Temple   | Entered the Ecumenical Temple
  4384 | D:4      | Found Nenwim's Book Shop.
  4591 | D:4      | Found an ancient bone altar of Kikubaaqudgha.
  4826 | D:5      | Entered Level 5 of the Dungeon
  4892 | D:5      | Found an opulent altar of Gozag.
  4912 | D:5      | HP: 1/35 [orc priest/divine providence (14)]
  4913 | D:5      | Killed from afar by an orc wizard

Illustrated notes

Levels and vault maps discovered:
D:1:      dpeg_arrival_court, layout_basic, minmay_misc_feat_secret_circle,
          nemelex_diamond_rough_becter
D:2:      kennysheep_the_goblin_king, layout_loops_cross, lemuel_crystal_altar,
          brannock_xom_greatest_gift, grunt_ministairs_3, minmay_crystal_room
D:3:      layout_rooms, nicolae_overflow_crystal_walls, fedhas_altar_2
D:4:      layout_basic, marbit_many_paths, lemuel_doored_altar,
          minmay_temple_entry_grid, serial_shops, kennysheep_mini_moat,
          uniq_sigmund
D:5:      layout_rooms, nicolae_gozag_seed_capital, uniq_menkaure
Temple:   minmay_temple_curvy_loop

Skill      XL: |  1  2  3  4  5 |
---------------+----------------+-----
Stealth        | 5 6 |  6.4
Ice Magic      | 1 2 |  2.1
Dodging        | 3 |  3.6
Short Blades   | 2 |  2.7
Fighting       | 1 |  1.9
Spellcasting   | |  2.8
Hexes          | |  3.9

Action                   |  1- 3 |  4- 6 || total
-------------------------+-------+-------++-------
Melee: Dagger            |    44 |    42 ||    86
       Short sword       |       |    55 ||    55
 Cast: Corona            |    10 |     1 ||    11
       Ensorcelled Hiber |     6 |    37 ||    43
  Use: Scroll            |       |     8 ||     8
       Potion            |       |     1 ||     1
 Stab: Sleeping          |    21 |    38 ||    59
Armor: Robe              |    15 |    11 ||    26
Dodge: Dodged            |    45 |    91 ||   136

Table legend: (Time is in decaauts)
 A = Elapsed time spent in this place.
 B = Non-inter-level travel time spent in this place.
 C = Inter-level travel time spent in this place.
 D = Time resting spent in this place.
 E = Time spent auto-exploring this place.
 F = Levels seen in this place.
 G = Mean time per level.
                   A        B        C        D        E       F      G
               +--------+--------+--------+--------+--------+-----+--------+
         Total |   4910 |   4685 |    225 |    713 |   3319 |   6 |  818.3 |
       Dungeon |   4652 |   4449 |    203 |    713 |   3083 |   5 |  930.4 |
        Temple |    258 |    236 |     22 |      0 |    235 |   1 |  258.0 |
               +--------+--------+--------+--------+--------+-----+--------+

Top non-repeatable levels by time:
     D:2: 1350 daAuts
     D:4: 1308 daAuts
     D:3: 1011 daAuts
     D:1: 895 daAuts
  Temple: 258 daAuts
     D:5: 86 daAuts
